 Dungeon Crawl Stone Soup version 0.29-a0-973-gac7da5f7f0 (webtiles) character file.

Game seed: 8782314327398810540

70 enile the Trooper (level 4, -2/25 (40) HPs)
             Began as a Meteoran Wanderer on Aug 1, 2022.
             Was a Believer of Lugonu.
             Slain by a wyvern (12 damage)
             ... on level 4 of the Dungeon.
             The game lasted 00:04:47 (1792 turns).

enile the Trooper (Meteoran Wanderer)               Turns: 1792, Time: 00:04:47

HP:   -2/25 (40)    AC:  4    Str: 16    XL:     4   Next: 72%
MP:   0/7           EV: 12    Int: 18    God:    Lugonu [**....]
Gold: 125           SH:  0    Dex: 14    Spells: 3/5 levels left

rFire   . . .      SeeInvis .   a - +1 trident
rCold   . . .      Faith    .   (no shield)
rNeg    . . .      Spirit   +   e - +0 leather armour
rPois   .          Reflect  .   (no helmet)
rElec   .          Harm     .   c - +0 cloak
rCorr   .          Rampage  .   (no gloves)
Will    .....                   (no boots)
Stlth   +.........              t - amulet of guardian spirit
HPRegen 0.08/turn               n - ring of wizardry
MPRegen 0.10/turn               q - +6 ring of intelligence

@: glowing, very heavily drained
A: sense surroundings 1, otherworldly, glowing, explore regen
a: Renounce Religion, Depart the Abyss, Bend Space


You were on level 4 of the Dungeon.
You worshipped Lugonu.
Lugonu was pleased with you.
You visited 1 branch of the dungeon, and saw 4 of its levels.

You collected 125 gold pieces.

Inventory:

Hand Weapons
 a - a +1 trident (weapon)
 b - a +0 falchion
Armour
 c - a +0 cloak (worn)
 e - a +0 leather armour (worn)
Magical Staves
 k - a staff of fire
Jewellery
 n - a ring of wizardry (left hand)
 q - a +6 ring of intelligence (right hand)
 t - an amulet of guardian spirit (around neck)
Scrolls
 f - 2 scrolls of identify
 i - a scroll of torment
 m - a scroll of magic mapping
 p - 2 scrolls of silence
 s - a scroll of fear
Potions
 g - a potion of might
 j - a potion of invisibility
 l - a potion of resistance {unknown}
 o - 2 potions of curing {unknown}
 u - a potion of degeneration {unknown}


   Skills:
 - Level 3.8 Fighting
 - Level 3.6 Long Blades
 - Level 2.4 Polearms
 - Level 1.3 Armour
 - Level 2.4 Dodging
 - Level 1.4 Spellcasting
 - Level 1.3 Translocations
 + Level 0.0 Invocations


You had 3 spell levels left.
You knew the following spells:

 Your Spells              Type           Power      Damage    Failure   Level
a - Blink                 Tloc           12%        N/A       9%          2

Your spell library contained the following spells:

 Spells                   Type           Power      Damage    Failure   Level
 Lesser Beckoning         Tloc           6%         N/A       16%         3
 Manifold Assault         Tloc           6%         N/A       80%         5


Dungeon Overview and Level Annotations

Branches:
Dungeon (4/15) Zot: 784
 Temple: D:4-7

Altars:
Trog
Lugonu

Shops:
D:1 (

Annotations:
D:4 Edmund


Innate Abilities, Weirdness & Mutations

You passively map a small area around you.
You are easily found by Zot.
You glow in the dark.
You regain HP and MP as you explore.


Message History

Aim: a gnoll, wielding a +0 spear (about 36% to evade your +1 trident)
You reach to attack!
You closely miss the gnoll.
The gnoll hits you from afar with a +0 spear.
* * * LOW HITPOINT WARNING * * *
The gnoll hits you but does no damage. Zot's power touches on you...
You feel drained.
You feel a little less mighty now.
There is a stone staircase leading down here.
The gnoll hits you from afar with a +0 spear.
You climb downwards.
You hear the hiss of flowing sand.
There is an entrance to an ossuary on this level.
Hurry and find it before the portal is buried!
Magic restored.
The wyvern hisses angrily.
Edmund shouts!
You hear a shout! x2
Found a robe and 5 stones.
Found an escape hatch in the floor.
There is a stone staircase leading up here.
Okay, then.
Okay, then.
You aren't carrying any items that you can evoke.
Unknown command.
Really read the scroll of poison?
The air fills with toxic fumes!
As you read the scroll of poison, it crumbles to dust.
An adder comes into view.
Okay, then.
As you read the scroll of identify, it crumbles to dust.
j - a potion of invisibility The wyvern is engulfed in poison gas.
The wyvern is poisoned.
The adder is engulfed in poison gas.
The adder is poisoned.
The dart slug bites you.
The wyvern is engulfed in poison gas.
The wyvern looks even sicker.
The wyvern bites you!
Okay, then.
Okay, then.
The adder is engulfed in poison gas.
The adder looks even sicker.
You kill the adder!
Lugonu accepts your kill.
The wyvern is engulfed in poison gas.
The wyvern looks even sicker.
The wyvern bites you!
You die...

* # #§ ** ,
, §#§######
#§§§§§§§##
, ,
§§8§.§8§§##
§§§§§§§§§§#
§§§§8§l§§§#
,
§§§§§§§@w§#
,
§§§§8§§§§§#
§§§§§§§§§§#
§§8§§§8@§##
*
#§§§§§§§##
§§§§§§.§#,
* #§§§§§§§#
#§§§§§§§# *


You could see Edmund, a wyvern (very poisoned) and a dart slug.

Vanquished Creatures
  2 adders
  A gnoll (D:3)
  An orc (D:3)
  5 bats
  2 endoplasms (D:1)
  6 giant cockroaches
  2 goblins
  8 hobgoblins
  4 jackals (D:2)
  A quokka (D:1)
  4 ball pythons
  5 kobolds
  3 rats
44 creatures vanquished.

Notes
Turn   | Place    | Note
-------+----------+-------------------------------------------
     0 | D:1      | enile the Meteoran Wanderer began the quest for the Orb.
     0 | D:1      | enile set off with the following items: a +0 trident, a +0
                  | falchion, a +0 cloak, a scroll of teleportation, a +0
                  | leather armour.
     0 | D:1      | Reached XP level 1. HP: 16/16 MP: 3/3
    42 | D:1      | Reached XP level 2. HP: 23/23 MP: 5/5
   164 | D:1      | Found a faded altar of an unknown god.
   169 | D:1      | Prayed at the altar of an unknown god.
   169 | D:1      | Became a worshipper of Lugonu the Unformed
   169 | D:1      | Reached * piety under Lugonu
   169 | D:1      | Reached ** piety under Lugonu
   288 | D:1      | Reached XP level 3. HP: 27/30 MP: 6/6
   412 | D:1      | Found Ytaa's Antique Weapon Shop.
   453 | D:1      | You fall into a shaft and drop 1 floor!
   649 | D:2      | Found a bloodstained altar of Trog.
  1025 | D:2      | Reached XP level 4. HP: 38/38 MP: 7/7
  1084 | D:2      | Glimpsed the power of Zot.
  1344 | D:3      | Learned a level 2 spell: Blink
  1680 | D:3      | Glimpsed the power of Zot.
  1725 | D:3      | Reached skill level 1 in Translocations
  1726 | D:3      | Glimpsed the power of Zot.
  1766 | D:3      | Glimpsed the power of Zot.
  1776 | D:3      | Touched by the power of Zot.
  1789 | D:4      | Noticed a wyvern
  1789 | D:4      | Noticed Edmund
  1792 | D:4      | Slain by a wyvern

Illustrated notes

Levels and vault maps discovered:
D:1:      lightli_arrival_statuegarden, layout_loops_ring, serial_shops,
          nicolae_shop_overgrown_old_shop, ebering_ecumenical_altar_hall
D:2:      layout_basic, basic_altar, grunt_decor_junction, kennysheep_path_1,
          chequers_serial_rivers_micro_a, nicolae_eternal_life, nrook_campfire,
          kennysheep_generic_room_12
D:3:      minmay_evil_eye, layout_basic, chequers_temple_overflow_minitemple
D:4:      layout_basic, nicolae_ossuary_entry_monument, grunt_ministairs_10,
          minmay_misc_feat_hallway, uniq_edmund

Skill      XL: |  1  2  3  4 |
---------------+-------------+-----
Fighting       | 2 3 |  3.8
Translocations | 1 |  1.3
Long Blades    | |  3.6
Polearms       | |  2.4
Armour         | |  1.3
Dodging        | |  2.4
Spellcasting   | |  1.4

Action                   |  1- 3 |  4- 6 || total
-------------------------+-------+-------++-------
Melee: Trident           |    86 |    48 ||   134
       Punch             |     1 |       ||     1
 Cast: Blink             |       |     1 ||     1
  Use: Scroll            |     2 |     8 ||    10
       Potion            |       |     1 ||     1
Armor: Leather armour    |    17 |    30 ||    47
Dodge: Dodged            |    25 |    35 ||    60

Table legend: (Time is in decaauts)
 A = Elapsed time spent in this place.
 B = Non-inter-level travel time spent in this place.
 C = Inter-level travel time spent in this place.
 D = Time resting spent in this place.
 E = Time spent auto-exploring this place.
 F = Levels seen in this place.
 G = Mean time per level.
                   A        B        C        D        E       F      G
               +--------+--------+--------+--------+--------+-----+--------+
         Total |   1815 |   1765 |     50 |      0 |   1312 |   4 |  453.8 |
       Dungeon |   1815 |   1765 |     50 |      0 |   1312 |   4 |  453.8 |
               +--------+--------+--------+--------+--------+-----+--------+

Top non-repeatable levels by time:
     D:3: 692 daAuts
     D:2: 657 daAuts
     D:1: 462 daAuts
     D:4: 2 daAuts
